 Dungeon Crawl Stone Soup version 0.30-b1-2-g02819fbbbe (webtiles) character file.

Game seed: 7633694666538545043

618 BigAl98 the Digger (level 7, -5/40 HPs)
             Began as a Gargoyle Earth Elementalist on Oct 23, 2023.
             Was a Follower of Vehumet.
             Slain by an orc warrior
             ... wielding a +0 flail
              (8 damage)
             ... on level 6 of the Dungeon.
             The game lasted 00:07:41 (3936 turns).

BigAl98 the Digger (Gargoyle Earth Elementalist)    Turns: 3936, Time: 00:07:41

Health: -5/40      AC:  6    Str: 12    XL:     7   Next: 45%
Magic:  14/14      EV: 12    Int: 17    God:    Vehumet [*.....]
Gold:   219        SH:  0    Dex: 10    Spells: 11/15 levels left

rFire   . . .        d - +3 war axe
rCold   . . .        (no shield)
rNeg    + . .        a - +0 robe
rPois   ∞            (no helmet)
rElec   +            (no cloak)
rCorr   .            (no gloves)
SInv    .            (no boots)
Will    .....        (no amulet)
Stlth   +            (no ring)
HPRegen 0.26/turn    (no ring)
MPRegen 0.14/turn

%: no passive effects
@: confused
A: sickness immunity, AC +4, negative energy resistance 1, electricity
resistance, torment resistance 1, petrification resistance
a: Renounce Religion


You were on level 6 of the Dungeon.
You worshipped Vehumet.
Vehumet was aware of your devotion.
You visited 2 branches of the dungeon, and saw 7 of its levels.

You collected 219 gold pieces.

Inventory:

Hand Weapons
 d - a +3 war axe (weapon)
 p - a +1 hand axe of flaming
Armour
 a - a +0 robe (worn)
Wands
 y - a wand of mindburst (5)
Scrolls
 c - 2 scrolls of enchant armour {unknown}
 e - 2 scrolls of noise {unknown}
 f - a scroll of vulnerability {unknown}
 h - 2 scrolls of fog {unknown}
 i - 3 scrolls of enchant weapon {unknown}
 m - 2 scrolls of identify {unknown}
 o - a scroll of fear {unknown}
 q - a scroll of poison {unknown}
 t - a scroll of acquirement {unknown}
 u - 3 scrolls of magic mapping {unknown}
 v - a scroll of torment {unknown}
 x - 2 scrolls of amnesia {unknown}
Potions
 b - a potion of magic
 g - 2 potions of degeneration {unknown}
 j - 2 potions of flight {unknown}
 k - a potion of haste
 l - 3 potions of brilliance {unknown}
 n - a potion of lignification {unknown}
 r - a potion of resistance {unknown}
 s - 3 potions of heal wounds {unknown}
 w - a potion of attraction {unknown}


   Skills:
 * Level 2.7 Fighting
 + Level 1.8 Dodging
 + Level 2.7 Stealth
 + Level 4.9 Spellcasting
 + Level 1.1 Conjurations
 + Level 0.8 Transmutations
 * Level 6.7 Earth Magic


You had 11 spell levels left.
You knew the following spells:

 Your Spells              Type           Power      Damage    Failure   Level
a - Sandblast             Erth           54%        2d13      1%          1
b - Stone Arrow           Conj/Erth      34%        3d9       9%          3

Your spell library contained the following spells:

 Spells                   Type           Power      Damage    Failure   Level
 Magic Dart               Conj           32%        1d4       9%          1
 Passwall                 Tmut/Erth      14%        N/A       4%          2
 Foxfire                  Conj/Fire      24%        2x1d5     12%         1
 Freeze                   Ice            16%        1d4       14%         1
 Summon Small Mammal      Summ           16%        N/A       14%         1
 Lesser Beckoning         Tloc           8%         N/A       22%         2
 Petrify                  Tmut/Erth      17%        N/A       30%         4
 Hailstorm                Conj/Ice       6%         3d4       34%         3
 Call Canine Familiar     Summ           4%         N/A       41%         3
 Frozen Ramparts          Ice            8%         1d2       41%         3
 Gell's Gravitas          Tloc           4%         N/A       41%         3
 Summon Guardian Golem    Hex/Summ       4%         N/A       41%         3
 Teleport Other           Tloc           4%         N/A       41%         3
 Ice Form                 Ice/Tmut       5%         N/A       75%         4
 Fireball                 Conj/Fire      3%         3d4       97%         5
 Plasma Beam              Fire/Air       2%         2x1d13    100%        6
 Simulacrum               Ice/Necr       2%         N/A       100%        6
 Starburst                Conj/Fire      3%         6d3       100%        6


Dungeon Overview and Level Annotations

Branches:
Dungeon (6/15)             Temple (1/1) D:4

Altars:
Elyvilon
Fedhas
Hepliaklqana
Makhleb
Vehumet
The Shining One

Annotations:
D:5 Sigmund


Innate Abilities, Weirdness & Mutations

You are immune to sickness and miasma.
Your stone body is resilient. (AC +4)
You are immune to poison.
You resist negative energy. (rN+)
You are resistant to electric shocks. (rElec)
You are resistant to unholy torment.
You are immune to petrification.


Message History

There are monsters nearby!
There are monsters nearby!
There are monsters nearby!
There are monsters nearby!
There are monsters nearby!
Something hits you but does no damage.
A magic dart appears from out of thin air!
The magic dart hits you.
* * * LOW HITPOINT WARNING * * *
There is an open door here.
You hear some strange, mumbled words.
Something tries to affect you, but you resist.
You hear some strange, mumbled words.
You are confused.
There is an open door here.
You are more confused.
There is a stone staircase leading down here.
Sigmund appears from thin air!
Reactivating autopickup.
Sigmund hits you from afar with a +0 scythe.
* * * LOW HITPOINT WARNING * * *
You climb downwards.
A sourceless malevolence fills the Dungeon... and a teleportation trap spontaneously manifests!
You are yanked towards some nearby monsters!
Your surroundings suddenly seem different. 8 orcs and an ogre come into view.
The orc warrior shouts!
The orc wizard shouts!
The ogre shouts!
The orc shouts! x4
Unknown command.
The orc shouts!
The orc wizard mumbles some strange words.
The orc wizard flickers and vanishes!
Deactivating autopickup; reactivate with Ctrl-A.
The orc priest looks satisfied for a moment.
You bump into the closed door.
You bump into the rock wall.
The orc warrior hits you with a +0 flail.
* * * LOW HITPOINT WARNING * * *
You bump into the closed door.
The orc warrior hits you with a +0 flail!
You die...

..##+###+####
........@o..#
.#.....oo...#
#......oo..#
.
##+###...o.#
. #oO...# #
......# #
#......# #
#......#
##+###
#......#
#.....


You could see an orc warrior, an ogre, an orc priest and 5 orcs.

Vanquished Creatures
  Edmund (D:5)
  2 phantoms
  2 jellies (D:5)
  2 iguanas (D:5)
  Ijyb (D:5)
  Natasha (thrice) (D:3)
  8 adders
  A worm (D:2)
  A dart slug (D:3)
  4 orcs
  2 ball pythons
  2 bats
  9 endoplasms
  2 giant cockroaches
  8 goblins
  2 hobgoblins (D:2)
  3 jackals (D:5)
  3 quokkas
  3 frilled lizards
  6 kobolds
  5 rats
70 creatures vanquished.

Notes
Turn   | Place    | Note
-------+----------+-------------------------------------------
     0 | D:1      | BigAl98 the Gargoyle Earth Elementalist began the quest for
                  | the Orb.
     0 | D:1      | Reached XP level 1. HP: 10/10 MP: 3/3
   246 | D:1      | Found a faded altar of an unknown god.
   670 | D:1      | Reached skill level 4 in Earth Magic
   670 | D:1      | Reached XP level 2. HP: 15/15 MP: 3/5
   929 | D:2      | Reached XP level 3. HP: 19/19 MP: 1/6
  1164 | D:2      | You fall into a shaft and drop 2 floors!
  1303 | D:4      | Found a staircase to the Ecumenical Temple.
  1312 | Temple   | Entered the Ecumenical Temple
  1338 | Temple   | Became a worshipper of Vehumet
  1411 | D:3      | Reached XP level 4. HP: 24/24 MP: 4/8
  2042 | D:3      | Reached skill level 5 in Earth Magic
  2144 | D:3      | Reached skill level 1 in Fighting
  2300 | D:3      | Reached XP level 5. HP: 29/29 MP: 7/9
  2475 | D:3      | Noticed Natasha
  2479 | D:3      | Killed Natasha
  2604 | D:3      | Noticed Natasha
  2609 | D:3      | Killed Natasha
  2633 | D:3      | Noticed Natasha
  2637 | D:3      | Killed Natasha
  2689 | D:4      | Noticed a phantom
  2694 | D:4      | Killed a phantom
  2695 | D:4      | Reached skill level 6 in Earth Magic
  2695 | D:4      | Reached XP level 6. HP: 34/35 MP: 6/11
  2699 | D:4      | Learned a level 3 spell: Stone Arrow
  2735 | D:4      | Found a blossoming altar of Fedhas.
  3089 | D:5      | Entered Level 5 of the Dungeon
  3138 | D:5      | Noticed Edmund
  3149 | D:5      | Killed Edmund
  3258 | D:5      | Reached * piety under Vehumet
  3258 | D:5      | Offered knowledge of Magic Dart by Vehumet.
  3264 | D:5      | Reached skill level 1 in Conjurations
  3264 | D:5      | Reached XP level 7. HP: 31/40 MP: 7/13
  3608 | D:5      | Noticed Ijyb
  3620 | D:5      | HP: 2/40 [Ijyb/+0 club (2)]
  3623 | D:5      | Killed Ijyb
  3897 | D:5      | Noticed Sigmund
  3935 | D:6      | HP: 2/40 [orc warrior/+0 flail (6)]
  3936 | D:6      | Slain by an orc warrior

Illustrated notes

Levels and vault maps discovered:
D:1:      minmay_arrival_five_plusses, layout_basic,
          hellmonk_ecumenical_altar_prayer_group
D:2:      layout_loops_ring
D:3:      layout_rooms, serial_aquarium, aquarium_bridge_long_joined
          [aquarium_subvault_balcony, aquarium_subvault_balcony,
          aquarium_subvault_wall, aquarium_subvault_bridge,
          aquarium_subvault_wall, aquarium_subvault_window],
          aquarium_bridge_straight [aquarium_subvault_bridge,
          aquarium_subvault_wall, aquarium_subvault_bridge,
          aquarium_subvault_wall], aquarium_window_1,
          aquarium_window_corridor_3, aquarium_window_2, aquarium_view_2e,
          aquarium_balcony_1b, minmay_misc_feat_square, uniq_natasha
D:4:      layout_rooms, fedhas_altar_3, minmay_temple_entry_junction_2
D:5:      layout_gridville, sigmund_army, uniq_edmund, uniq_sigmund,
          uniq_duvessa, uniq_ijyb
D:6:      layout_gridville, mainiacjoe_overflow_concentric_impassable,
          mainiacjoe_overflow_catch_the_wave, uniq_eustachio
Temple:   bh_familiar_temple

Skill      XL: |  1  2  3  4  5  6 |
---------------+-------------------+-----
Earth Magic    | 4 5 6 |  6.7
Spellcasting   | 3 4 |  4.9
Fighting       | 1 2 |  2.7
Conjurations   | 1 |  1.1
Dodging        | |  1.8
Stealth        | |  2.7
Transmutations | |  0.8

Action                     |  1- 3 |  4- 6 |  7- 9 || total
---------------------------+-------+-------+-------++-------
  Melee: War axe           |     3 |       |     3 ||     6
   Cast: Sandblast         |    30 |    71 |    28 ||   129
         Stone Arrow       |       |       |     1 ||     1
   Stab: Sleeping          |     1 |       |       ||     1
 Armour: Robe              |     4 |     5 |     9 ||    18
  Dodge: Dodged            |     6 |     8 |    11 ||    25
